Map: Automaton LE

Players

DEFIANCE

  • Race: Terran Terran
  • Spawn Location: 9:00

A.I. 1 (Very Easy) - Winner!

  • Race: Zerg Zerg
  • Spawn Location: 3:00

VOD

Have the link to the VOD?

Description

4 widow mines with tunneling claws dropped before 5 minutes.

Time

  • Played on: Dec. 2, 2018, 11:50 p.m.
  • Length: 4:40
Show
View Real Time Build Order
Export as new Build Order

DEFIANCE Terran 

Build Orders: 1/1/1, Widow Mine Drop 

Get SALT Encoding   

  12  0:00  SCV  
  13  0:13  SCV  
  14  0:18  Supply Depot  
  14  0:25  SCV  
  15  0:29  Refinery  
  15  0:42  Barracks  
  15  0:46  SCV  
  16  0:54  Refinery  
  16  0:58  SCV  
  17  1:10  SCV  
  18  1:31  Factory  
  18  1:34  Orbital Command  
  18  1:38  Barracks Tech Lab  
  18  1:46  Supply Depot  
  18  1:59  SCV  
  19  2:16  Armory  
  19  2:17  Starport  
  19  2:27  Widow Mine  
  21  2:37  Supply Depot  
  21  2:49  Widow Mine  
  23  2:52  SCV  
  23  2:53  Marine  
  23  2:55  Medivac  
  27  3:05  Drilling Claws  
  27  3:10  Widow Mine  
  29  3:13  Engineering Bay  
  29  3:21  Marine  
  29  3:26  SCV  
  31  3:32  Widow Mine  
  33  3:38  SCV  
  34  3:41  Missile Turret  
  34  3:45  Supply Depot  
  34  3:51  SCV  
  35  4:03  SCV  
  36  4:15  SCV  
Show
View Real Time Build Order
Export as new Build Order

A.I. 1 (Very Easy) Zerg - Winner!

Build Orders: Hatch First 

Get SALT Encoding   

  12  0:01  Drone  
  13  0:12  Overlord  
  13  0:17  Drone  
  14  0:44  Hatchery  
  14  0:47  Drone  
  14  1:05  Spawning Pool  
  14  1:07  Extractor  
  14  1:10  Drone  
  13  1:17  Drone  
  14  1:23  Overlord  
  14  1:52  Queen  
  14  1:53  Zergling x2  
  17  1:55  Zergling x2  
  18  2:05  Roach Warren  
  17  2:09  Drone  
  17  2:12  Extractor  
  17  2:17  Drone  
  17  2:21  Zergling x2  
  19  2:26  Drone  
  20  2:33  Drone  
  21  2:40  Drone  
  22  2:47  Drone  
  23  2:55  Drone  
  24  3:02  Drone  
  25  3:08  Roach  
  25  3:09  Drone  
  28  3:16  Overlord  
  28  3:20  Drone  
  29  3:28  Drone  
  30  3:35  Drone  
  31  3:42  Drone  
  32  3:49  Drone  
  32  3:52  Overlord  
  32  3:55  Roach  
  35  3:56  Drone  
  36  4:03  Drone  
  37  4:12  Drone  
  38  4:19  Drone  
  39  4:26  Drone  
Tags
 
Add a new tag
Caveats
  • Supply blocks, unpowered buildings, or Contaminate may cause inaccurate times.
  • Supply counts are checked every 10 seconds.